 Dungeon Crawl Stone Soup version 0.29-a0-103-g37f86683bf (webtiles) character file.

Game seed: 14448578516602504377

91 siradein the Skirmisher (level 4, -2/40 HPs)
             Began as a Draconian Chaos Knight on Feb 15, 2022.
             Was a Plaything of Xom.
             Slain by a gnoll (3 damage)
             ... on level 3 of the Dungeon.
             The game lasted 00:04:09 (2089 turns).

siradein the Skirmisher (Draconian Chaos Knight)    Turns: 2089, Time: 00:04:11

Health: -2/40      AC:  5    Str: 14    XL:     4   Next: 34%
Magic:  4/4        EV: 12    Int: 12    God:    Xom [*.....]
Gold:   70         SH:  0    Dex: 13    Spells: 3/3 levels left

rFire   + . .      SeeInvis .   e - +3 whip
rCold   . . .      Faith    .   (no shield)
rNeg    . . .      Spirit   .   (armour unavailable)
rPois   .          Reflect  .   (helmet restricted)
rElec   .          Harm     .   (no cloak)
rCorr   .          Rampage  .   (no gloves)
Will    .....      Rage     1%  (no boots)
Stlth   +.........              (no amulet)
HPRegen 0.13/turn               (no ring)
MPRegen 0.09/turn               (no ring)

@: unable to read
A: AC +5, unfitting armour, cold-blooded, berserk 1, fire resistance 1,
inability to read while threatened
a: Renounce Religion


You were on level 3 of the Dungeon.
You worshipped Xom.
You were a special plaything of Xom.
You visited 1 branch of the dungeon, and saw 3 of its levels.

You collected 70 gold pieces.

Inventory:

Hand Weapons
 e - a +3 whip (weapon)
Scrolls
 a - a scroll of identify {unknown}
 c - a scroll of teleportation {unknown}
 f - a scroll of holy word {unknown}
 g - a scroll of enchant armour {unknown}
Potions
 b - a potion of curing
 d - a potion of ambrosia {unknown}


   Skills:
 + Level 4.2 Fighting
 + Level 3.8 Maces & Flails
 + Level 3.0 Dodging


You had 3 spell levels left.
You didn't know any spells.
Your spell library contained the following spells:

 Spells                   Type           Power      Damage    Failure   Level
 Ensorcelled Hibernation  Hex/Ice        0%         N/A       45%         2
 Passwall                 Tmut/Erth      0%         N/A       45%         2
 Sublimation of Blood     Necr           0%         N/A       45%         2
 Wereblood                Tmut           0%         N/A       45%         2
 Swiftness                Air            0%         N/A       69%         3
 Summon Hydra             Summ           0%         N/A       100%        7


Dungeon Overview and Level Annotations

Branches:
Dungeon (3/15)

Altars:
Yredelemnul

Shops:
D:3 [

Annotations:
D:3 2 transporters, lordive's ghost, amateur SpEn


Innate Abilities, Weirdness & Mutations

Your plain brown scales are hard. (AC +5)
You cannot fit into any form of body armour.
You are cold-blooded and may be slowed by cold attacks.
You tend to lose your temper in combat.
Your flesh is heat resistant. (rF+)
You sometimes lose the ability to read scrolls when taking damage.


Message History

You kill the gnoll!
You hit the gnoll.
Your tail-slap misses the gnoll.
The gnoll is moderately wounded.
You hit the gnoll.
The gnoll is heavily wounded.
The gnoll completely misses you.
You barely miss the gnoll.
The gnoll is heavily wounded.
The gnoll hits you with a +1 flail of protection!
You hit the gnoll.
The gnoll is heavily wounded.
The gnoll hits you with a +1 flail of protection!
You feel threatened and lose the ability to read scrolls!
You closely miss the gnoll.
The gnoll is heavily wounded.
The gnoll hits you with a +1 flail of protection!
You are too injured to fight recklessly!
You are too injured to fight recklessly!
The gnoll barely misses you.
You can read scrolls again.
You hit the gnoll.
The gnoll is severely wounded.
You hit the gnoll.
You tail-slap the gnoll, but do no damage.
You punch the gnoll, but do no damage.
The gnoll is almost dead.
The gnoll hits you with a +1 flail of protection!
You feel threatened and lose the ability to read scrolls!
* * * LOW HITPOINT WARNING * * *
You can read scrolls again.
You hit the gnoll but do no damage.
You tail-slap the gnoll, but do no damage.
The gnoll is severely wounded.
You hit the gnoll but do no damage.
The gnoll is severely wounded.
The gnoll hits you with a +1 flail of protection!
You feel threatened and lose the ability to read scrolls!
* * * LOW HITPOINT WARNING * * *
The gnoll hits you with a +0 club.
You die...

......# #.# #.# #.
####.## ##.#######
#.# #. #.#
#........# #.# #.
#.#
##...####.######.#
#. #.#
#......†.........#
#. #.#
##....###.########
#. #.########.†#.#
#.# ##
#.......##.##g#
#.#
#######.....g@#
#.# ####.######.#
#........#
##########


You could see 2 gnolls.

Vanquished Creatures
  A hound skeleton (D:2)
  An adder (D:3)
  A gnoll (D:3)
  2 dart slugs
  An orc (D:3)
  11 bats
  An endoplasm (D:1)
  2 giant cockroaches
  4 goblins
  5 hobgoblins
  6 kobolds
  A quokka (D:2)
  9 ball pythons
  4 frilled lizards
  2 rats
51 creatures vanquished.

Notes
Turn   | Place    | Note
-------+----------+-------------------------------------------
     0 | D:1      | siradein the Draconian Chaos Knight began the quest for the
                  | Orb.
     0 | D:1      | Reached XP level 1. HP: 19/19 MP: 1/1
   128 | D:1      | XOM: noise
   268 | D:1      | XOM: divination: magic mapping
   281 | D:1      | Reached XP level 2. HP: 25/26 MP: 2/2
   388 | D:1      | XOM: divination: detect creatures
   433 | D:1      | XOM: potion effect (brilliance)
   820 | D:2      | Found a faded altar of an unknown god.
   848 | D:2      | Reached XP level 3. HP: 33/33 MP: 3/3
   927 | D:2      | Found a basalt altar of Yredelemnul.
  1054 | D:2      | XOM: enchant monster (good)
  1121 | D:2      | XOM is BORED!
  1121 | D:2      | XOM: summons 2 hostile demons
  1433 | D:2      | XOM: give mutations
  1433 | D:2      | Gained mutation: You tend to lose your temper in combat.
                  | [Xom's mischief]
  1433 | D:2      | Gained mutation: Your flesh is heat resistant. (rF+) [Xom's
                  | mischief]
  1433 | D:2      | Gained mutation: You sometimes lose the ability to read
                  | scrolls when taking damage. [Xom's mischief]
  1485 | D:2      | XOM: noise
  1556 | D:2      | Reached skill level 4 in Fighting
  1802 | D:3      | Reached XP level 4. HP: 32/40 MP: 4/4
  1875 | D:3      | Found Ejacotun's Armour Boutique.
  1944 | D:3      | Found a transporter.
  1947 | D:3      | Noticed lordive's ghost (amateur SpEn)
  1948 | D:3      | Found a transporter.
  2089 | D:3      | HP: 1/40 [gnoll (9)]
  2089 | D:3      | Slain by a gnoll

Illustrated notes

Levels and vault maps discovered:
D:1:      dpeg_arrival_round_c, layout_rooms
D:2:      layout_basic, shapermc_ecumenical_altar_venn, basic_altar
D:3:      layout_loops_corners, gammafunk_ghost_mausoleum, serial_shops, shop

Skill      XL: |  1  2  3 |
---------------+----------+-----
Fighting       | 4 |  4.2
Dodging        | 3 |  3.0
Maces & Flails | |  3.8

Action                   |  1- 3 |  4- 6 || total
-------------------------+-------+-------++-------
Melee: Mace              |    35 |       ||    35
       Tailslap          |    11 |     5 ||    16
       Whip              |   104 |    19 ||   123
       Punch             |     2 |     1 ||     3
  Use: Potion            |     2 |       ||     2
 Stab: Petrified         |     2 |       ||     2
Armor: Skin              |    60 |     3 ||    63
Dodge: Dodged            |   107 |     4 ||   111

Table legend: (Time is in decaauts)
 A = Elapsed time spent in this place.
 B = Non-inter-level travel time spent in this place.
 C = Inter-level travel time spent in this place.
 D = Time resting spent in this place.
 E = Time spent auto-exploring this place.
 F = Levels seen in this place.
 G = Mean time per level.
                   A        B        C        D        E       F      G
               +--------+--------+--------+--------+--------+-----+--------+
         Total |   2092 |   2041 |     51 |      0 |   1638 |   3 |  697.3 |
       Dungeon |   2092 |   2041 |     51 |      0 |   1638 |   3 |  697.3 |
               +--------+--------+--------+--------+--------+-----+--------+

Top non-repeatable levels by time:
     D:2: 795 daAuts
     D:1: 738 daAuts
     D:3: 559 daAuts
